[Event "2nd Irena Warakomska Memorial-A"]
[Site "Suwalki"]
[Date "2018.08.04"]
[Round "5"]
[White "Zielinski, Wojciech"]
[Black "Tomaszewski, Roman"]
[Result "1/2-1/2"]
[ECO "B12"]
[WhiteElo "2157"]
[BlackElo "2258"]
[Annotator "NA"]
[PlyCount "118"]
[EventDate "2018.08.01"]
[EventType "swiss"]
[EventCountry "POL"]
[SourceTitle "playchess.com"]
[Source "ChessBase"]
[SourceQuality "1"]
[TimeControl "40/5400+30:1800+30"]

1. e4 c6 2. d4 d5 3. f3 g6 4. Nc3 Bg7 5. Be3 b6 6. Qd2 Ba6 7. Bxa6 Nxa6 8. Nge2 Nc7 9. O-O-O Qd7 10. h4 h5 11. Kb1 O-O-O 12. Bf4 Ne6 13. exd5 cxd5 14. Rhe1 Nxf4 15. Qxf4 Nh6 16. Nc1 Nf5 17. Nb3 e6 18. Qh2 Qc7 19. f4 Kb7 20. g3 Rc8 21. Rd3 Qd7 22. Nd1 a5 23. Qd2 a4 24. Nc1 Nd6 25. a3 Nc4 26. Qf2 Qb5 27. Na2 Bf8 28. Ka1 Rc7 29. Rf3 Be7 30. c3 Rhc8 31. Ne3 Nd6 32. Nc2 Ne4 33. Qe2 Qxe2 34. Rxe2 Bd6 35. Nab4 Bxb4 36. Nxb4 Nxc3 37. bxc3 Rxc3 38. Ree3 R3c4 39. Rd3 Rc1+ 40. Kb2 R8c4 41. Rc3 R1xc3 42. Rxc3 Rxd4 43. Nc6 Rd2+ 44. Kc1 Re2 45. Nd8+ Ka6 46. Nxf7 d4 47. Rd3 Kb5 48. Rxd4 Re3 49. Rb4+ Ka5 50. Nd6 Rxa3 51. Rb5+ Ka6 52. Rxb6+ Kxb6 53. Nc4+ Kc5 54. Nxa3 Kd4 55. Kd2 Ke4 56. Ke2 e5 57. fxe5 Kxe5 58. Kf3 Kf5 59. Nc4 g5 {[%emt 0:00:24] Ke4+ Ke5+} 1/2-1/2

[Event "2nd Irena Warakomska Memorial-A"]
[Site "Suwalki"]
[Date "2018.08.04"]
[Round "5"]
[White "Ocytko, Andrzej"]
[Black "Jaroch, Karol"]
[Result "1/2-1/2"]
[ECO "C00"]
[WhiteElo "2155"]
[BlackElo "2222"]
[Annotator "NA"]
[PlyCount "82"]
[EventDate "2018.08.01"]
[EventType "swiss"]
[EventCountry "POL"]
[SourceTitle "playchess.com"]
[Source "ChessBase"]
[SourceQuality "1"]
[TimeControl "40/5400+30:1800+30"]

1. e4 e6 2. d3 d5 3. Nd2 c5 4. Ngf3 Nf6 5. g3 Nc6 6. Bg2 Be7 7. O-O Qc7 8. Re1 O-O 9. c3 b5 10. Nf1 b4 11. Qc2 Ba6 12. Bf4 Qa5 13. Ne5 Nxe5 14. Bxe5 dxe4 15. dxe4 Rad8 16. c4 Nd7 17. Bf4 g5 18. Be3 Ne5 19. b3 Bf6 20. Rad1 h6 21. Qe2 Ng6 22. h4 gxh4 23. Bxh6 Rxd1 24. Rxd1 Rd8 25. Be3 Rxd1 26. Qxd1 Be7 27. Qe2 Bb7 28. f4 hxg3 29. Nxg3 Qd8 30. f5 Qd6 31. Qg4 Qd3 32. Bf2 exf5 33. exf5 Bc8 34. Bd5 Kf8 35. Qh5 Qb1+ 36. Kh2 Qxa2 37. Kg1 Qa1+ 38. Kh2 Qb2 39. Kg1 Qa1+ 40. Kh2 Qb2 41. Kg1 Qb1+ {[%emt 0:05:51] Qh6+} 1/2-1/2

[Event "2nd Irena Warakomska Memorial-A"]
[Site "Suwalki"]
[Date "2018.08.04"]
[Round "5"]
[White "Praczukowski, Stanislaw"]
[Black "Sliwerski, Radoslaw"]
[Result "1/2-1/2"]
[ECO "B92"]
[WhiteElo "2136"]
[BlackElo "1990"]
[Annotator "NA"]
[PlyCount "108"]
[EventDate "2018.08.01"]
[EventType "swiss"]
[EventCountry "POL"]
[SourceTitle "playchess.com"]
[Source "ChessBase"]
[SourceQuality "1"]
[TimeControl "40/5400+30:1800+30"]

1. e4 c5 2. Nf3 d6 3. d4 cxd4 4. Nxd4 Nf6 5. Nc3 a6 6. Be2 e5 7. Nb3 Be7 8. Bg5 Be6 9. Bxf6 Bxf6 10. Qd3 Nc6 11. Rd1 Nb4 12. Qxd6 Nxc2+ 13. Kf1 Qxd6 14. Rxd6 O-O 15. Nc5 Be7 16. Nxe6 Bxd6 17. Nxf8 Kxf8 18. g3 Rc8 19. Bg4 Rc4 20. Ke2 b5 21. Rc1 Nd4+ 22. Kd3 Nc6 23. a3 Na5 24. Ne2 Rxc1 25. Nxc1 Nc4 26. Kc2 Bc5 27. Nd3 Bd4 28. Bc8 a5 29. Bb7 Ke7 30. Bc6 Nd6 31. f4 f6 32. Ne1 exf4 33. gxf4 b4 34. axb4 axb4 35. Kb3 g5 36. Nf3 Be3 37. fxg5 fxg5 38. Kxb4 g4 39. Ne5 Bd4 40. Nxg4 Bxb2 41. Kc5 Nf7 42. Kd5 h5 43. Ne3 Be5 44. Nf5+ Kf6 45. h4 Bf4 46. Be8 Nh6 47. Nxh6 Bxh6 48. Bxh5 Bf8 49. Bg4 Kg7 50. e5 Ba3 51. e6 Bb4 52. h5 Ba3 53. h6+ Kxh6 54. e7 Bxe7 1/2-1/2

[Event "2nd Irena Warakomska Memorial-A"]
[Site "Suwalki"]
[Date "2018.08.04"]
[Round "5"]
[White "Harshini A"]
[Black "Grebeniuk, Semen"]
[Result "0-1"]
[ECO "B78"]
[WhiteElo "2124"]
[BlackElo "2306"]
[Annotator "NA"]
[PlyCount "60"]
[EventDate "2018.08.01"]
[EventType "swiss"]
[EventCountry "POL"]
[SourceTitle "playchess.com"]
[Source "ChessBase"]
[SourceQuality "1"]
[TimeControl "40/5400+30:1800+30"]

1. e4 c5 2. Nf3 d6 3. d4 cxd4 4. Nxd4 Nf6 5. Nc3 g6 6. Be3 Bg7 7. f3 O-O 8. Qd2 Nc6 9. Bc4 Bd7 10. O-O-O Rb8 11. Bb3 Na5 12. g4 b5 13. Kb1 Nc4 14. Bxc4 bxc4 15. Ka1 Qa5 16. Nd5 Qd8 17. h4 Nxd5 18. exd5 Rb6 19. h5 Ra6 20. hxg6 fxg6 21. Qh2 Qa5 22. a3 c3 23. Qxh7+ Kf7 24. Rh6 Rb8 25. Qxg6+ Kg8 26. Qh7+ Kf8 27. Qh8+ Bxh8 28. Rxh8+ Kf7 29. Rxb8 cxb2+ 30. Kb1 Qxa3 0-1

[Event "2nd Irena Warakomska Memorial-A"]
[Site "Suwalki"]
[Date "2018.08.04"]
[Round "5"]
[White "Kuchava, Ana"]
[Black "Buraczewski, Rafal"]
[Result "1/2-1/2"]
[ECO "D05"]
[WhiteElo "2124"]
[BlackElo "2221"]
[Annotator "NA"]
[PlyCount "40"]
[EventDate "2018.08.01"]
[EventType "swiss"]
[EventCountry "POL"]
[SourceTitle "playchess.com"]
[Source "ChessBase"]
[SourceQuality "1"]
[TimeControl "40/5400+30:1800+30"]

1. d4 c5 2. e3 Nf6 3. Nf3 e6 4. Bd3 d5 5. c3 Nc6 6. Ne5 cxd4 7. exd4 Nxe5 8. dxe5 Nd7 9. Qe2 Qc7 10. f4 Nc5 11. Bc2 b6 12. b4 Ba6 13. b5 Bb7 14. O-O g6 15. Kh1 Bg7 16. Be3 O-O 17. Bd4 Qd7 18. Nd2 Rac8 19. a4 f6 20. Nf3 f5 1/2-1/2

[Event "2nd Irena Warakomska Memorial-A"]
[Site "Suwalki"]
[Date "2018.08.04"]
[Round "5"]
[White "Walkusz, Witoslaw"]
[Black "Punin, Andrii"]
[Result "0-1"]
[ECO "B18"]
[WhiteElo "2121"]
[BlackElo "2339"]
[Annotator "NA"]
[PlyCount "82"]
[EventDate "2018.08.01"]
[EventType "swiss"]
[EventCountry "POL"]
[SourceTitle "playchess.com"]
[Source "ChessBase"]
[SourceQuality "1"]
[TimeControl "40/5400+30:1800+30"]

1. e4 c6 2. d4 d5 3. Nd2 dxe4 4. Nxe4 Bf5 5. Ng3 Bg6 6. Bc4 e6 7. N1e2 Nf6 8. Nf4 Bd6 9. O-O O-O 10. Nxg6 hxg6 11. a4 a5 12. c3 Qc7 13. Qf3 Nbd7 14. Bg5 c5 15. Bb5 Nd5 16. Bxd7 Qxd7 17. dxc5 Bxc5 18. Ne4 Qc6 19. Nxc5 Qxc5 20. Rfd1 Rac8 21. Rd4 Nxc3 22. bxc3 Qxg5 23. Qxb7 Rxc3 24. h4 Rc1+ 25. Rxc1 Qxc1+ 26. Kh2 Qc5 27. Qe4 Qc7+ 28. g3 Rd8 29. Rxd8+ Qxd8 30. Qc6 Kh7 31. Kg1 Qd5 32. Qe8 e5 33. Qb5 Qd2 34. Qe8 f6 35. Kg2 Qd5+ 36. f3 Qd2+ 37. Kh3 Qe3 38. h5 gxh5 39. Qc6 Qg1 40. Qc2+ Kh6 41. g4 Qh1+ 0-1

[Event "2nd Irena Warakomska Memorial-A"]
[Site "Suwalki"]
[Date "2018.08.04"]
[Round "5"]
[White "Jankowiak, Tomasz"]
[Black "Mulet, Piotr"]
[Result "0-1"]
[ECO "C04"]
[WhiteElo "2117"]
[BlackElo "2238"]
[Annotator "NA"]
[PlyCount "74"]
[EventDate "2018.08.01"]
[EventType "swiss"]
[EventCountry "POL"]
[SourceTitle "playchess.com"]
[Source "ChessBase"]
[SourceQuality "1"]
[TimeControl "40/5400+30:1800+30"]

1. e4 e6 2. d4 d5 3. Nd2 Nc6 4. Ngf3 Nf6 5. e5 Nd7 6. c3 f6 7. exf6 Qxf6 8. Bb5 Bd6 9. O-O O-O 10. Qe2 e5 11. Bxc6 bxc6 12. dxe5 Nxe5 13. Nxe5 Bxe5 14. Re1 Bd6 15. Nf1 c5 16. Be3 c6 17. f3 Rb8 18. Rad1 a5 19. a4 Qh4 20. Ra1 h6 21. Bf2 Qf6 22. Bg3 c4 23. Bf2 Qg6 24. Bd4 h5 25. Qf2 Bg4 26. Kh1 Bf5 27. Bb6 h4 28. h3 Bd3 29. Bxa5 Bxf1 30. Rxf1 c5 31. Qd2 d4 32. cxd4 Qg3 33. f4 Rxf4 34. Kg1 Rxd4 35. Qc3 Qh2+ 36. Kf2 Rf8+ 37. Ke3 Qe5# 0-1

[Event "2nd Irena Warakomska Memorial-A"]
[Site "Suwalki"]
[Date "2018.08.04"]
[Round "5"]
[White "Tarun V Kanth"]
[Black "Bukojemski, Adam"]
[Result "1/2-1/2"]
[ECO "E70"]
[WhiteElo "2102"]
[BlackElo "2233"]
[Annotator "NA"]
[PlyCount "49"]
[EventDate "2018.08.01"]
[EventType "swiss"]
[EventCountry "POL"]
[SourceTitle "playchess.com"]
[Source "ChessBase"]
[SourceQuality "1"]
[TimeControl "40/5400+30:1800+30"]

1. d4 Nf6 2. c4 g6 3. Nc3 Bg7 4. e4 d6 5. Bd3 e5 6. d5 Na6 7. Nge2 Nc5 8. Bc2 a5 9. O-O O-O 10. h3 Bd7 11. Be3 b6 12. Qd2 Qc8 13. b3 Nh5 14. Bh6 f5 15. exf5 Bxf5 16. Bxf5 Rxf5 17. g4 Rf3 18. gxh5 Bxh6 19. Qxh6 Qxh3 20. Qg5 Raf8 21. h6 R8f5 22. Qd8+ Rf8 23. Qg5 R8f5 24. Qd8+ Rf8 25. Qg5 1/2-1/2

[Event "2nd Irena Warakomska Memorial-A"]
[Site "Suwalki"]
[Date "2018.08.04"]
[Round "5"]
[White "Dmochowska, Agnieszka"]
[Black "Zaika, Daniil"]
[Result "1-0"]
[ECO "B90"]
[WhiteElo "2096"]
[BlackElo "2213"]
[Annotator "NA"]
[PlyCount "65"]
[EventDate "2018.08.01"]
[EventType "swiss"]
[EventCountry "POL"]
[SourceTitle "playchess.com"]
[Source "ChessBase"]
[SourceQuality "1"]
[TimeControl "40/5400+30:1800+30"]

1. e4 c5 2. Nf3 d6 3. d4 cxd4 4. Nxd4 Nf6 5. Nc3 a6 6. Be3 e5 7. Nf3 Be6 8. Ng5 b5 9. Be2 Bc4 10. Bxc4 bxc4 11. O-O Nbd7 12. Nf3 Be7 13. Bg5 O-O 14. Qe2 Qc7 15. Rfd1 Rab8 16. Rab1 Rb4 17. Bxf6 Nxf6 18. Nd5 Nxd5 19. Rxd5 c3 20. b3 f5 21. exf5 Qb7 22. Rbd1 Rxf5 23. h3 Rbf4 24. Qe3 Qc6 25. R5d3 Qe8 26. Rxc3 Qg6 27. Qe2 e4 28. Rc8+ Bf8 29. Nd4 Rxf2 30. Qxe4 Rxg2+ 31. Qxg2 Rg5 32. Rxf8+ Kxf8 33. Ne6+ 1-0

[Event "2nd Irena Warakomska Memorial-A"]
[Site "Suwalki"]
[Date "2018.08.05"]
[Round "6"]
[White "Szostko, Jakub"]
[Black "Popiol, Michal"]
[Result "1-0"]
[ECO "C07"]
[WhiteElo "2299"]
[BlackElo "2126"]
[Annotator "NA"]
[PlyCount "111"]
[EventDate "2018.08.01"]
[EventType "swiss"]
[EventCountry "POL"]
[SourceTitle "playchess.com"]
[Source "ChessBase"]
[SourceQuality "1"]
[TimeControl "40/5400+30:1800+30"]

1. e4 e6 2. d4 d5 3. Nd2 c5 4. exd5 Qxd5 5. Ngf3 cxd4 6. Bc4 Qd6 7. O-O Nf6 8. Nb3 Nc6 9. Nbxd4 Nxd4 10. Nxd4 a6 11. Re1 Qc7 12. Bf1 Bd6 13. Nf5 Bxh2+ 14. Kh1 O-O 15. Nxg7 Rd8 16. Bd3 Kxg7 17. Qd2 Bf4 18. Qxf4 Qxf4 19. Bxf4 Nd5 20. Bd2 b5 21. Rad1 Bb7 22. Re5 h6 23. Rh5 Rh8 24. Re1 Rae8 25. Rh4 f5 26. c4 bxc4 27. Bxc4 Kg6 28. Rh3 Rh7 29. Ra3 Nc7 30. Bf4 Bd5 31. Bxa6 Nxa6 32. Rxa6 h5 33. Be5 h4 34. Kh2 Rc8 35. Bc3 Kh5 36. Ra4 Rg8 37. f3 Kg6 38. Kh3 Rc8 39. a3 Bc4 40. Rb4 Rh5 41. Rb7 Rg8 42. Be5 f4 43. Bxf4 Kf6 44. Rb4 Bd3 45. Rb8 Rg6 46. Bd2 Rd5 47. Bc3+ Kg5 48. Rf8 Bf5+ 49. Kh2 Rd7 50. Re2 Rh7 51. Rd2 Kf4 52. Re2 Kg5 53. Be5 Kh5 54. Rd2 Bb1 55. Rd4 Bf5 56. Bf6 1-0

[Event "2nd Irena Warakomska Memorial-A"]
[Site "Suwalki"]
[Date "2018.08.05"]
[Round "6"]
[White "Sliwicka, Alicja"]
[Black "Kumala, Aleksander"]
[Result "1-0"]
[ECO "B03"]
[WhiteElo "2293"]
[BlackElo "2238"]
[Annotator "NA"]
[PlyCount "113"]
[EventDate "2018.08.01"]
[EventType "swiss"]
[EventCountry "POL"]
[SourceTitle "playchess.com"]
[Source "ChessBase"]
[SourceQuality "1"]
[TimeControl "40/5400+30:1800+30"]

1. e4 Nf6 2. e5 Nd5 3. d4 d6 4. c4 Nb6 5. exd6 exd6 6. Nc3 Be7 7. Bd3 O-O 8. Nge2 Na6 9. a3 c6 10. O-O Nc7 11. b3 d5 12. c5 Nd7 13. Be3 Bf6 14. b4 Re8 15. Qd2 Nf8 16. Rad1 Nce6 17. a4 g6 18. b5 Bg7 19. Na2 f5 20. f4 Bd7 21. Bf2 Qc7 22. Rb1 Bh6 23. g3 Re7 24. a5 Rae8 25. a6 bxa6 26. b6 axb6 27. cxb6 Qb8 28. h4 Bc8 29. Nb4 Qa8 30. Nc3 a5 31. Nc2 Rb7 32. Na4 Nd7 33. Rfe1 Bf8 34. Qc3 Rb8 35. Rec1 Bd6 36. Rb3 Bb7 37. Nc5 Ndxc5 38. dxc5 Bf8 39. Ra3 a4 40. Qb4 Rbd8 41. Rxa4 Qb8 42. Na1 Rd7 43. Nb3 Bg7 44. Ra7 h6 45. Re1 Rde7 46. Na5 Nd8 47. Rxe7 Rxe7 48. Ba6 g5 49. Bxb7 Re4 50. Qxe4 fxe4 51. Ra8 Qxa8 52. Bxa8 gxf4 53. gxf4 d4 54. Nxc6 d3 55. Be3 Kf8 56. Nxd8 Bd4 57. Ne6+ 1-0

[Event "2nd Irena Warakomska Memorial-A"]
[Site "Suwalki"]
[Date "2018.08.05"]
[Round "6"]
[White "Chylewski, Patryk"]
[Black "Harshini, A."]
[Result "1/2-1/2"]
[ECO "C54"]
[WhiteElo "2270"]
[BlackElo "2124"]
[Annotator "NA"]
[PlyCount "83"]
[EventDate "2018.08.01"]
[EventType "swiss"]
[EventCountry "POL"]
[SourceTitle "playchess.com"]
[Source "ChessBase"]
[SourceQuality "1"]
[TimeControl "40/5400+30:1800+30"]

1. e4 e5 2. Nf3 Nc6 3. d4 exd4 4. Bc4 Bc5 5. c3 Nf6 6. e5 d5 7. Be2 Ne4 8. cxd4 Bb6 9. Nc3 O-O 10. O-O Bg4 11. Be3 f6 12. exf6 Nxf6 13. h3 Bh5 14. Rc1 Qe7 15. Re1 Rad8 16. Bg5 Qb4 17. g4 Bg6 18. Be3 Qxb2 19. Nh4 Ne4 20. Na4 Qb4 21. Nxg6 hxg6 22. Nxb6 axb6 23. Qb3 Qe7 24. Bf1 Qf6 25. Qb2 Rd7 26. Bg2 Na5 27. Qe2 Rdf7 28. Rf1 Qe6 29. Qd3 Re8 30. Rce1 Nc4 31. Bc1 Qc6 32. Re2 b5 33. Rfe1 Kh7 34. Bxe4 dxe4 35. Rxe4 Rxe4 36. Qxe4 Qf6 37. Be3 c6 38. g5 Qf3 39. Qxf3 Rxf3 40. Kg2 Rf5 41. h4 Nd6 42. Rc1 1/2-1/2

[Event "2nd Irena Warakomska Memorial-A"]
[Site "Suwalki"]
[Date "2018.08.05"]
[Round "6"]
[White "Bykovskiy, Oleg"]
[Black "Walkusz, Witoslaw"]
[Result "1/2-1/2"]
[ECO "A00"]
[WhiteElo "2263"]
[BlackElo "2121"]
[Annotator "NA"]
[PlyCount "59"]
[EventDate "2018.08.01"]
[EventType "swiss"]
[EventCountry "POL"]
[SourceTitle "playchess.com"]
[Source "ChessBase"]
[SourceQuality "1"]
[TimeControl "40/5400+30:1800+30"]

1. Nc3 e5 2. Nf3 Nc6 3. d4 exd4 4. Nxd4 Nf6 5. e4 Bb4 6. Nxc6 bxc6 7. Bd3 d5 8. exd5 cxd5 9. O-O O-O 10. Bg5 c6 11. Qf3 Re8 12. h3 h6 13. Bxf6 Qxf6 14. Qxf6 gxf6 15. Ne2 Bd6 16. Ng3 Rb8 17. Rab1 c5 18. Nh5 Be5 19. c3 Rb6 20. Rfe1 Kf8 21. a4 c4 22. Bc2 Rd8 23. Red1 d4 24. cxd4 Rxd4 25. Rxd4 Bxd4 26. b3 cxb3 27. Rxb3 Rxb3 28. Bxb3 Be6 29. Bc2 Ke7 30. Ng7 1/2-1/2

[Event "2nd Irena Warakomska Memorial-A"]
[Site "Suwalki"]
[Date "2018.08.05"]
[Round "6"]
[White "Krzywda, Andrzej"]
[Black "Ulanowski, Karol"]
[Result "1/2-1/2"]
[ECO "C45"]
[WhiteElo "2258"]
[BlackElo "2149"]
[Annotator "NA"]
[PlyCount "102"]
[EventDate "2018.08.01"]
[EventType "swiss"]
[EventCountry "POL"]
[SourceTitle "playchess.com"]
[Source "ChessBase"]
[SourceQuality "1"]
[TimeControl "40/5400+30:1800+30"]

1. e4 e5 2. Nf3 Nc6 3. d4 exd4 4. Nxd4 Nf6 5. Nxc6 bxc6 6. e5 Qe7 7. Qe2 Nd5 8. h4 h6 9. h5 Bb7 10. Rh3 O-O-O 11. c4 Nb6 12. a4 Qb4+ 13. Nd2 a5 14. f4 d5 15. Rb3 Qc5 16. cxd5 Rxd5 17. Nf3 Rd8 18. Be3 Qd5 19. Rd3 Bb4+ 20. Kf2 Qe4 21. Bxb6 Qxe2+ 22. Bxe2 cxb6 23. Rad1 Kc7 24. Rxd8 Rxd8 25. Rxd8 Kxd8 26. Bc4 Ke7 27. g4 Bc8 28. f5 Bc5+ 29. Ke2 Bd7 30. Kd3 b5 31. Bb3 Bb6 32. Nd2 Bc7 33. Ke4 Bc8 34. Nf3 Bb7 35. axb5 cxb5+ 36. Bd5 Ba6 37. Nd4 b4 38. f6+ gxf6 39. Nf5+ Kf8 40. exf6 Bd8 41. Nxh6 Bxf6 42. b3 Bc8 43. Nxf7 Bxg4 44. h6 Bd1 45. Kf5 Bc3 46. Ne5 Bc2+ 47. Ke6 Kg8 48. Kd6+ Kh7 49. Nc4 a4 50. bxa4 b3 51. a5 Bxa5 1/2-1/2

[Event "2nd Irena Warakomska Memorial-A"]
[Site "Suwalki"]
[Date "2018.08.05"]
[Round "6"]
[White "Mulet, Piotr"]
[Black "Debarshi, Mukherjee"]
[Result "1-0"]
[ECO "B22"]
[WhiteElo "2238"]
[BlackElo "2308"]
[Annotator "NA"]
[PlyCount "65"]
[EventDate "2018.08.01"]
[EventType "swiss"]
[EventCountry "POL"]
[SourceTitle "playchess.com"]
[Source "ChessBase"]
[SourceQuality "1"]
[TimeControl "40/5400+30:1800+30"]

1. e4 c5 2. c3 d6 3. d4 Nf6 4. Bd3 g6 5. dxc5 d5 6. exd5 Qxd5 7. Bb5+ Bd7 8. Qxd5 Nxd5 9. Bc4 Bc6 10. Nf3 Nd7 11. Nbd2 Nf4 12. g3 Nh3 13. b4 Bh6 14. Be2 Rd8 15. Rf1 b6 16. Nb3 Bg7 17. Nbd4 Bxf3 18. Bxf3 bxc5 19. bxc5 Nxc5 20. Ba3 Bxd4 21. cxd4 Ne6 22. Bc6+ Kf8 23. d5 Nd4 24. Bb2 Nc2+ 25. Ke2 Nxa1 26. Bxh8 Nc2 27. Bc3 Rb8 28. Ba4 Na3 29. f4 Rb6 30. Kf3 Nc4 31. Bb3 Nd6 32. Kg2 Ne4 33. Be1 1-0

[Event "2nd Irena Warakomska Memorial-A"]
[Site "Suwalki"]
[Date "2018.08.05"]
[Round "6"]
[White "Bukojemski, Adam"]
[Black "Wacior, Maciej"]
[Result "1-0"]
[ECO "B19"]
[WhiteElo "2233"]
[BlackElo "2081"]
[Annotator "NA"]
[PlyCount "58"]
[EventDate "2018.08.01"]
[EventType "swiss"]
[EventCountry "POL"]
[SourceTitle "playchess.com"]
[Source "ChessBase"]
[SourceQuality "1"]
[TimeControl "40/5400+30:1800+30"]

1. e4 c6 2. d4 d5 3. Nd2 dxe4 4. Nxe4 Bf5 5. Ng3 Bg6 6. h4 h6 7. Nf3 Nd7 8. h5 Bh7 9. Bd3 Bxd3 10. Qxd3 Qc7 11. Bd2 e6 12. O-O-O O-O-O 13. Ne4 Nc5 14. Nxc5 Bxc5 15. g3 Nf6 16. c4 Bd6 17. Qe2 c5 18. Bc3 b6 19. d5 Rhe8 20. Bxf6 gxf6 21. dxe6 fxe6 22. Qe3 e5 23. Qe4 Kb8 24. Nh4 Bf8 25. Nf5 Rd4 26. Nxd4 cxd4 27. Rxd4 f5 28. Qe2 Qc6 29. Rd5 Qc7 1-0

[Event "2nd Irena Warakomska Memorial-A"]
[Site "Suwalki"]
[Date "2018.08.05"]
[Round "6"]
[White "Godzwon, Iwo"]
[Black "Roy, Prantik"]
[Result "1-0"]
[ECO "B18"]
[WhiteElo "2222"]
[BlackElo "2377"]
[Annotator "NA"]
[PlyCount "105"]
[EventDate "2018.08.01"]
[EventType "swiss"]
[EventCountry "POL"]
[SourceTitle "playchess.com"]
[Source "ChessBase"]
[SourceQuality "1"]
[TimeControl "40/5400+30:1800+30"]

1. e4 c6 2. d4 d5 3. Nd2 dxe4 4. Nxe4 Bf5 5. Ng3 Bg6 6. h4 h6 7. Nf3 e6 8. h5 Bh7 9. Bd3 Bxd3 10. Qxd3 Nf6 11. Bd2 Be7 12. O-O-O O-O 13. Ne4 Nxe4 14. Qxe4 Qd5 15. Qg4 Kh8 16. Kb1 Nd7 17. Qf4 Nf6 18. Ne5 Rad8 19. Bc1 Qe4 20. Qxe4 Nxe4 21. Be3 Nf6 22. g4 Nd5 23. Bc1 Bf6 24. c4 Nb6 25. b3 Kg8 26. Be3 Rfe8 27. Kc2 Nd7 28. f4 Nxe5 29. dxe5 Be7 30. a4 c5 31. Rd3 Rxd3 32. Kxd3 f6 33. exf6 gxf6 34. g5 fxg5 35. fxg5 hxg5 36. Bxg5 Bxg5 37. Rg1 Rd8+ 38. Ke4 Rd4+ 39. Ke5 Kf7 40. Rxg5 Rh4 41. Kd6 b6 42. a5 Rh3 43. a6 Rxb3 44. Kc6 Rd3 45. h6 Kf6 46. Rh5 Rd8 47. h7 Rh8 48. Kb7 Kg6 49. Rh2 b5 50. cxb5 c4 51. b6 c3 52. bxa7 c2 53. Rxc2 1-0

[Event "2nd Irena Warakomska Memorial-A"]
[Site "Suwalki"]
[Date "2018.08.05"]
[Round "6"]
[White "Jaroch, Karol"]
[Black "Praczukowski, Stanislaw"]
[Result "0-1"]
[ECO "B92"]
[WhiteElo "2222"]
[BlackElo "2136"]
[Annotator "NA"]
[PlyCount "72"]
[EventDate "2018.08.01"]
[EventType "swiss"]
[EventCountry "POL"]
[SourceTitle "playchess.com"]
[Source "ChessBase"]
[SourceQuality "1"]
[TimeControl "40/5400+30:1800+30"]

1. e4 c5 2. Nf3 d6 3. d4 cxd4 4. Nxd4 Nf6 5. Nc3 a6 6. Be2 e5 7. Nb3 Be7 8. Be3 O-O 9. O-O Be6 10. Nd5 Bxd5 11. exd5 Nbd7 12. c4 a5 13. Rc1 b6 14. f4 a4 15. Nd2 exf4 16. Bxf4 Ne5 17. Nb1 Nfd7 18. Nc3 Bg5 19. Nxa4 Bxf4 20. Rxf4 Qg5 21. g3 Ng6 22. Rf1 Qe3+ 23. Kh1 Nde5 24. b3 f5 25. Rc3 Qh6 26. Qc1 f4 27. a3 f3 28. Bd1 Qh3 29. Rfxf3 Nxf3 30. Bxf3 Nh4 31. gxh4 Rxf3 32. Kg1 Qg4+ 33. Kh1 Raf8 34. Rxf3 Qxf3+ 35. Kg1 Qg4+ 36. Kh1 Rf2 0-1

[Event "2nd Irena Warakomska Memorial-A"]
[Site "Suwalki"]
[Date "2018.08.05"]
[Round "6"]
[White "Buraczewski, Rafal"]
[Black "Sliwerski, Radoslaw"]
[Result "1-0"]
[ECO "A46"]
[WhiteElo "2221"]
[BlackElo "1990"]
[Annotator "NA"]
[PlyCount "31"]
[EventDate "2018.08.01"]
[EventType "swiss"]
[EventCountry "POL"]
[SourceTitle "playchess.com"]
[Source "ChessBase"]
[SourceQuality "1"]
[TimeControl "40/5400+30:1800+30"]

1. d4 Nf6 2. Nf3 d5 3. c3 e6 4. Bf4 c5 5. e3 Nc6 6. Nbd2 cxd4 7. exd4 Nh5 8. Be5 f6 9. Bg3 Nxg3 10. hxg3 g6 11. Bd3 Bg7 12. Rxh7 f5 13. Rxg7 Rh1+ 14. Nf1 Qf6 15. Rc7 Kd8 16. Rxc6 1-0

[Event "2nd Irena Warakomska Memorial-A"]
[Site "Suwalki"]
[Date "2018.08.05"]
[Round "6"]
[White "Sliwicki, Damian"]
[Black "Rahul, Srivatshav P"]
[Result "1-0"]
[ECO "B40"]
[WhiteElo "2220"]
[BlackElo "2388"]
[Annotator "NA"]
[PlyCount "69"]
[EventDate "2018.08.01"]
[EventType "swiss"]
[EventCountry "POL"]
[SourceTitle "playchess.com"]
[Source "ChessBase"]
[SourceQuality "1"]
[TimeControl "40/5400+30:1800+30"]

1. e4 c5 2. Nf3 e6 3. c4 Nc6 4. Nc3 Nd4 5. d3 Ne7 6. Nxd4 cxd4 7. Ne2 Nc6 8. g3 Rb8 9. Bg2 b5 10. O-O a5 11. b3 Be7 12. Kh1 bxc4 13. dxc4 e5 14. f4 d6 15. Ba3 a4 16. Nc1 axb3 17. axb3 Qb6 18. fxe5 dxe5 19. Qh5 g6 20. Qh6 Bxa3 21. Qg7 Rf8 22. Rxa3 Qc5 23. Ra2 h5 24. Nd3 Qe7 25. b4 Be6 26. Nxe5 Nxe5 27. Qxe5 Qxb4 28. Ra6 Rd8 29. Rf6 Qxc4 30. Raxe6+ fxe6 31. Rxe6+ Kd7 32. Re7+ Kc8 33. Bh3+ Rd7 34. Re8+ Kb7 35. Rxf8 1-0

[Event "2nd Irena Warakomska Memorial-A"]
[Site "Suwalki"]
[Date "2018.08.05"]
[Round "6"]
[White "Zaika, Daniil"]
[Black "Kuchava, Ana"]
[Result "1-0"]
[ECO "D30"]
[WhiteElo "2213"]
[BlackElo "2124"]
[Annotator "NA"]
[PlyCount "67"]
[EventDate "2018.08.01"]
[EventType "swiss"]
[EventCountry "POL"]
[SourceTitle "playchess.com"]
[Source "ChessBase"]
[SourceQuality "1"]
[TimeControl "40/5400+30:1800+30"]

1. d4 d5 2. c4 e6 3. Nf3 Nf6 4. g3 Bb4+ 5. Nbd2 O-O 6. Bg2 dxc4 7. Qc2 Nc6 8. e3 a6 9. O-O Bd7 10. Nxc4 Rc8 11. a3 Be7 12. b4 Re8 13. Rd1 b5 14. Nce5 Nxe5 15. Nxe5 Nd5 16. Bb2 a5 17. e4 Nb6 18. bxa5 Na4 19. Rab1 Nxb2 20. Qxb2 Ra8 21. Qc3 c6 22. Nxd7 Qxd7 23. d5 cxd5 24. exd5 Rac8 25. Qb3 exd5 26. Rxd5 Qc7 27. Rxb5 Qc3 28. a6 Qxb3 29. R5xb3 Bc5 30. Rb7 Red8 31. a7 Kf8 32. Bd5 Bxa7 33. Rxf7+ Kg8 34. Rbb7 1-0

[Event "2nd Irena Warakomska Memorial-A"]
[Site "Suwalki"]
[Date "2018.08.05"]
[Round "6"]
[White "Fus, Jakub"]
[Black "Cukrowski, Filip"]
[Result "1/2-1/2"]
[ECO "B30"]
[WhiteElo "2210"]
[BlackElo "2404"]
[Annotator "NA"]
[PlyCount "60"]
[EventDate "2018.08.01"]
[EventType "swiss"]
[EventCountry "POL"]
[SourceTitle "playchess.com"]
[Source "ChessBase"]
[SourceQuality "1"]
[TimeControl "40/5400+30:1800+30"]

1. e4 c5 2. Nf3 Nc6 3. Bb5 d6 4. d4 cxd4 5. Qxd4 a6 6. Bxc6+ bxc6 7. O-O e5 8. Qa4 Qc7 9. c4 Bg4 10. Nbd2 Nf6 11. c5 Nd7 12. cxd6 Bxd6 13. h3 Be6 14. Qc2 Be7 15. b3 O-O 16. Bb2 a5 17. Rac1 Rfc8 18. Nc4 f6 19. Rfd1 Nb6 20. Nfd2 a4 21. Nxb6 Qxb6 22. Nc4 Qb5 23. Rd3 axb3 24. axb3 Rd8 25. Rxd8+ Rxd8 26. Ba3 Bxa3 27. Nxa3 Qxb3 28. Qxb3 Bxb3 29. Rxc6 Ra8 30. Nb5 Ba4 1/2-1/2